 Dungeon Crawl Stone Soup version 0.27.0-1-g7a089689b8 (webtiles) character file.

Game seed: 4187145143928469563

213992 ZombieSheep the Peltast (level 18, -8/120 HPs)
             Began as a Gargoyle Berserker on Aug 9, 2021.
             Was the Champion of Trog.
             Hit by a javelin thrown by a merfolk javelineer (9 damage)
             ... on level 4 of the Shoals.
             The game lasted 01:57:03 (51264 turns).

ZombieSheep the Peltast (Gargoyle Berserker)       Turns: 51264, Time: 01:57:04

Health: -8/120     AC: 36    Str: 24    XL:     18   Next: 98%
Magic:  18/18      EV:  8    Int:  7    God:    Trog [******]
Gold:   1109       SH:  0    Dex: 12    Spells: 17/17 levels left

rFire    . . .     SeeInvis .   a - +9 demon whip
rCold    + + .     Faith    .   M - +0 kite shield {reflect}
rNeg     + . .     Spirit   .   S - +1 scale mail {rF+}
rPois    ∞         Reflect  +   x - +1 helmet
rElec    +         Harm     .   h - +0 cloak
rCorr    .         Rampage  .   k - +3 pair of gloves of the Garden {+Inv rElec rC+ Dex-3}
Will     ++...                  P - +2 pair of boots
Stlth    ..........             U - amulet of reflection
HPRegen  0.30/turn              L - ring of ice
MPRegen  0.16/turn              C - ring of willpower

@: about to teleport, flying, mesmerised, held, studying Maces & Flails
A: sickness immunity, AC +13, big wings, negative energy resistance 1,
electricity resistance, torment resistance 1, petrification resistance
}: 1/15 runes: gossamer
a: Renounce Religion, Evoke Invisibility, Berserk, Trog's Hand, Brothers in Arms


You were on level 4 of the Shoals.
You worshipped Trog.
Trog was exalted by your worship.
You visited 5 branches of the dungeon, and saw 31 of its levels.

You collected 2746 gold pieces.
You spent 1637 gold pieces at shops.

Inventory:

Hand Weapons
 a - a +9 demon whip (weapon)
Missiles
 f - 2 throwing nets (quivered)
Armour
 h - a +0 cloak (worn)
 k - the +3 pair of gloves of the Garden (worn) {+Inv rElec rC+ Dex-3}
   (You found it on level 2 of the Shoals)

   Dex:       It affects your dexterity (-3).
   rC:        It protects you from cold.
   rElec:     It insulates you from electricity.
   +Inv:      It lets you turn invisible.
 x - a +1 helmet (worn)
 M - a +0 kite shield of reflection (worn)
 P - a +2 pair of boots (worn)
 Q - +0 acid dragon scales
 S - a +1 scale mail of fire resistance (worn)
Jewellery
 g - a ring of positive energy
 l - a ring of resist corrosion
 o - a ring of fire
 p - a +4 ring of protection
 z - a +4 ring of evasion
 C - a ring of willpower (right hand)
 L - a ring of ice (left hand)
 U - an amulet of reflection (around neck)
 X - an amulet of guardian spirit
Wands
 q - a wand of iceblast (43)
 r - a wand of paralysis (57)
 s - a wand of mindburst (12)
 u - a wand of charming (9)
 G - a wand of flame (72)
 H - a wand of digging (11)
 R - a wand of acid (10)
 V - a wand of polymorph (12)
Scrolls
 b - 2 scrolls of enchant armour
 t - a scroll of teleportation
 w - 5 scrolls of identify
 y - a scroll of enchant weapon
 B - 2 scrolls of blinking
 E - 4 scrolls of magic mapping
 I - 3 scrolls of fog
 N - 4 scrolls of summoning
 T - 2 scrolls of fear
Potions
 c - 5 potions of ambrosia
 e - 6 potions of might
 i - a potion of cancellation
 j - 4 potions of resistance
 n - 8 potions of haste
 v - a potion of mutation
 D - 14 potions of curing
 F - 2 potions of berserk rage
 K - a potion of magic
 W - a potion of lignification
 Y - 2 potions of brilliance
Miscellaneous
 m - a lightning rod (4/4)


   Skills:
 + Level 15.7 Fighting
 + Level 16.4 Maces & Flails
 + Level 12.9 Armour
 + Level 11.7 Dodging
 - Level 16.4 Shields
 - Level 10.4 Evocations


You had 17 spell levels left.
You didn't know any spells.
Your spell library was empty.

Dungeon Overview and Level Annotations

Branches:
Dungeon (15/15) Temple (0/1) D:7 Lair (6/6) D:9 Shoals (4/4) Lair:2 Spider (4/4) Lair:4 Slime (0/5) Lair:6 Orc (2/2) D:12 Elf (0/3) Orc:2 Vaults (0/5) D:12 D:13 Depths (0/5) D:15

Altars:
Cheibriados
Gozag
Hepliaklqana
Makhleb
Qazlal
Uskayaw
Wu Jian
Zin
The Shining One
Beogh

Shops:
D:7 *   D:10 *   D:14 ?   Orc:2 *([=   Shoals:3 !

Annotations:
D:15 2 transporters, Qewoiqon's ghost, adept DECj
Lair:3 exclusion: 2 oklob plants
Shoals:1 1 runed translucent door, Bityczex's ghost, adept DEFE


Innate Abilities, Weirdness & Mutations

You are immune to sickness and miasma.
Your stone body is resilient. (AC +13)
You are immune to poison.
Your large and strong wings let you fly.
You resist negative energy. (rN+)
You are resistant to electric shocks. (rElec)
You are resistant to unholy torment.
You are immune to petrification.


Message History

The merfolk javelineer throws a javelin.
The javelin pierces through you but does no damage.
The merfolk siren chants a haunting song.
You resist with almost no effort.
The merfolk avatar chants its luring song.
The merfolk javelineer throws a javelin.
The javelin pierces through you!!
* * * LOW HITPOINT WARNING * * *
As you read the scroll of teleportation, it crumbles to dust.
You feel strangely unstable.
The pull of its song draws you forwards.
The merfolk throws a throwing net.
The throwing net hits you.
You become entangled in the net!
You hear a splash.
The merfolk javelineer throws a javelin.
The javelin pierces through you.
* * * LOW HITPOINT WARNING * * *
A merfolk impaler comes into view.
It is wielding a +4 trident of venom and wearing a +2 leather armour of cold resistance.
A merfolk comes into view. It is wielding a +0 spear.
A merfolk comes into view.
It is wielding a +0 trident and quivering silver boomerangs.
The merfolk avatar chants its luring song.
You struggle against the net.
The merfolk impaler shouts!
The merfolk shouts! x2
The drowned soul returns to the deep!
The merfolk siren chants a haunting song.
You resist with almost no effort.
The merfolk javelineer throws a javelin.
The javelin pierces through you but does no damage.
The merfolk javelineer throws a javelin.
The javelin pierces through you but does no damage.
The merfolk avatar chants its luring song.
You struggle against the net.
The merfolk javelineer throws a javelin.
The javelin pierces through you but does no damage.
The merfolk throws a silver boomerang.
The silver boomerang hits you but does no damage.
* * * LOW HITPOINT WARNING * * *
The merfolk javelineer throws a javelin.
The javelin pierces through you!
You die...

≈≈≈≈≈≈≈≈≈≈...≈≈≈≈≈≈≈≈≈≈≈#
≈≈≈≈≈≈≈.≈....≈≈≈≈≈≈≈≈≈≈≈#
≈≈≈≈≈≈≈≈≈..m..≈≈(≈≈≈≈≈≈≈#
≈≈≈≈≈≈≈≈...m...≈≈≈≈≈≈≈≈≈#
≈≈≈≈..≈..###m)....m≈≈≈≈≈#
≈≈≈≈≈≈≈..###....m.mmm≈≈≈#
≈≈≈≈≈.....###.....≈≈≈≈≈≈#
C≈≈≈≈≈...###..§§≈≈≈≈≈≈≈≈#
≈≈≈≈≈≈...###.§§§@§§≈≈≈≈≈#
≈≈≈≈≈≈≈≈.##...§§§§§≈≈≈≈≈#
≈≈≈≈≈≈≈≈......§§§§§≈≈≈≈≈#
≈≈≈≈≈≈≈≈.(..≈.§§§§≈≈≈≈≈≈#
≈≈≈≈≈≈≈≈≈≈≈≈≈≈§§§≈≈≈≈≈≈≈#
≈≈≈≈≈≈≈≈≈≈≈≈≈≈≈≈≈≈≈≈≈≈≈≈#
≈≈≈≈≈≈≈≈≈≈≈≈≈≈≈≈≈≈≈≈≈≈≈≈#
≈≈≈≈≈≈≈≈≈≈≈≈≈≈≈≈≈≈≈≈≈≈≈≈#
≈≈≈≈≈≈≈≈≈≈≈≈≈≈≈≈≈≈≈≈≈≈≈≈#


You could see a merfolk avatar (mesmerising), a merfolk impaler, 2 merfolk
javelineers, 3 merfolk and a merfolk siren.

Vanquished Creatures
  Polyphemus (Shoals:4)
  A kraken (Shoals:2)
  3 ghost moths
  Aizul (Shoals:3)
  8 emperor scorpions
  2 orc warlords (Orc:1)
  Nessos (D:13)
  2 entropy weavers
  2 merfolk javelineers
  A merfolk impaler (Shoals:1)
  A fire dragon (Lair:6)
  16 hydras
  4 boulder beetles
  A catoblepas (D:13)
  3 merfolk avatars
  An alligator snapping turtle (Shoals:4)
  Erica (Lair:2)
  A ghost crab (Spider:4)
  A death yak (Shoals:4)
  An ogre mage (D:15)
  A tengu warrior (D:13)
  12 two-headed ogres
  7 merfolk aquamancers
  2 satyrs (Shoals:3)
  3 centaur warriors (D:14)
  3 orc high priests
  A fire crab (Lair:5)
  9 sea snakes
  3 wizards
  6 orc knights
  7 harpies (Shoals:2)
  A lindwurm (Lair:6)
  6 deep elf pyromancers
  16 orb spiders
  A necromancer (D:15)
  5 orc sorcerers
  18 ugly things
  18 wolf spiders
  11 cyclopes
  15 manticores
  A salamander (shapeshifter) (D:12)
  19 elephants
  2 moths of wrath
  16 fauns
  6 black mambas
  3 water nymphs (Shoals:2)
  7 merfolk sirens
  2 molten gargoyles (Lair:6)
  3 gargoyles
  18 cane toads
  A rime drake (Lair:4)
  An unseen horror (D:10)
  6 demonic crawlers
  3 kobold demonologists
  15 komodo dragons
  2 efreet
  A meliai (shapeshifter) (D:15)
  21 merfolk
  6 tyrant leeches (Spider:4)
  6 trolls
  34 jumping spiders
  7 hornets
  4 wind drakes
  24 slime creatures
  6 blink frogs
  A meliai zombie (D:15)
  9 snapping turtles
  21 dream sheep
  17 tarantellas
  68 redbacks
  A vampire (D:12)
  16 water elementals
  2 shadows
  4 wraiths
  7 wyverns
  48 yaks
  6 basilisks
  5 steam dragons
  16 humans
  7 vampire mosquitoes
  4 wargs
  4 acid dragons
  19 water moccasins
  2 floating eyes (D:12)
  4 hell hounds (Lair:6)
  4 black bears
  An ice beast (D:7)
  An ice beast (shapeshifter) (D:13)
  32 orc warriors
  A sky beast (D:5)
  A necrophage (D:6)
  10 ogres
  3 boggarts (D:15)
  14 wolves
  13 centaurs
  2 phantoms (D:6)
  5 kobold brigands
  15 bullfrogs
  A gnoll sergeant (D:8)
  A wyvern zombie (D:6)
  3 scorpions
  A water moccasin skeleton (D:6)
  8 killer bees
  4 electric eels (Lair:5)
  12 wights
  6 lava snakes
  A bullfrog skeleton (D:4)
  2 bullfrog zombies (D:6)
  2 gnoll shamans
  11 orc priests
  3 centaur skeletons
  3 centaur zombies
  4 hounds
  An iron imp (D:7)
  Jessica (D:3)
  16 orc wizards
  4 iguanas
  2 killer bee zombies (D:5)
  21 gnolls
  6 adders
  A shadow imp (D:3)
  2 white imps
  2 ufetubi
  An adder skeleton (D:4)
  A worm (D:5)
  59 orcs
  7 ball pythons
  2 bats (D:2)
  8 endoplasms
  6 giant cockroaches
  11 goblins
  4 hobgoblins
  33 kobolds
  5 quokkas
  3 frilled lizards (D:2)
  4 rats
  5 tentacles (Shoals:2)
1041 creatures vanquished.

Vanquished Creatures (collateral kills)
  Bai Suzhen (Shoals:3)
  Rupert (Orc:1)
  Donald (Orc:1)
  A hydra (Lair:1)
  2 elephants (Lair:5)
  3 blink frogs (Lair:1)
9 creatures vanquished.

Vanquished Creatures (others)
  A merfolk aquamancer (Shoals:4)
  A jumping spider (Spider:4)
  A redback (Spider:1)
  69 fungi
  137 plants
  10 tentacles (Shoals:2)
219 creatures vanquished.

Grand Total: 1269 creatures vanquished

Notes
Turn   | Place    | Note
-------+----------+-------------------------------------------
     0 | D:1      | ZombieSheep the Gargoyle Berserker began the quest for the
                  | Orb.
     0 | D:1      | Reached XP level 1. HP: 14/14 MP: 1/1
   227 | D:1      | Reached XP level 2. HP: 7/19 MP: 2/2
   973 | D:1      | Reached XP level 3. HP: 24/24 MP: 3/3
  1012 | D:1      | Found a faded altar of an unknown god.
  1248 | D:2      | Reached ** piety under Trog
  1511 | D:3      | Found a hide-covered altar of Uskayaw.
  1517 | D:3      | Found an ornate altar of the Wu Jian Council.
  1564 | D:3      | Reached XP level 4. HP: 24/30 MP: 4/4
  1947 | D:3      | Found a burning altar of Makhleb.
  2095 | D:3      | Reached skill level 5 in Fighting
  2095 | D:3      | Reached XP level 5. HP: 24/35 MP: 5/5
  2236 | D:3      | Noticed Jessica
  2249 | D:3      | Killed Jessica
  2298 | D:3      | Found a stormy altar of Qazlal.
  2299 | D:3      | Found a glowing silver altar of Zin.
  2299 | D:3      | Found a glowing golden altar of the Shining One.
  2333 | D:3      | Found a hazy altar of Hepliaklqana.
  2958 | D:4      | Reached skill level 5 in Maces & Flails
  3174 | D:4      | Reached XP level 6. HP: 36/40 MP: 6/6
  3371 | D:4      | Reached *** piety under Trog
  4261 | D:5      | Entered Level 5 of the Dungeon
  4273 | D:5      | Noticed an orc warrior
  4344 | D:4      | Reached XP level 7. HP: 47/47 MP: 7/7
  5048 | D:5      | Reached XP level 8. HP: 47/53 MP: 8/8
  5593 | D:6      | Reached skill level 1 in Evocations
  5621 | D:6      | Reached **** piety under Trog
  6172 | D:6      | Reached XP level 9. HP: 55/59 MP: 9/9
  6566 | D:6      | Noticed a two-headed ogre
  6591 | D:6      | Killed a two-headed ogre
  6592 | D:6      | Reached skill level 5 in Armour
  7104 | D:6      | Reached skill level 1 in Shields
  7408 | D:7      | Found a snail-covered altar of Cheibriados.
  7473 | D:7      | Found a staircase to the Ecumenical Temple.
  7504 | D:7      | Reached XP level 10. HP: 61/64 MP: 10/10
  7514 | D:7      | Reached skill level 5 in Evocations
  8328 | D:7      | Found an opulent altar of Gozag.
  8329 | D:7      | Found Gozag's Platinum Reserve.
  9955 | D:9      | Found a staircase to the Lair.
  9970 | D:8      | Reached ***** piety under Trog
 10129 | D:8      | Reached skill level 10 in Maces & Flails
 10250 | D:8      | Reached skill level 5 in Shields
 10280 | D:9      | Noticed a two-headed ogre
 10472 | D:8      | Killed a two-headed ogre
 10473 | D:8      | Reached XP level 11. HP: 68/68 MP: 11/11
 10915 | D:9      | Reached skill level 5 in Dodging
 11275 | D:9      | Noticed a cyclops
 11289 | D:9      | Killed a cyclops
 11514 | D:10     | Entered Level 10 of the Dungeon
 11715 | D:10     | You fall into a shaft and drop 3 floors!
 11715 | D:13     | Found a gate to the Vaults.
 11715 | D:13     | Noticed Nessos
 11715 | D:13     | Noticed a cyclops
 11715 | D:13     | Noticed a two-headed ogre
 11718 | D:13     | Noticed an orc knight
 11769 | D:13     | Noticed a brown ugly thing
 12442 | D:10     | Found Jabboef's General Store.
 12450 | D:10     | Bought 3 potions of curing for 135 gold pieces
 12450 | D:10     | Bought a potion of might for 60 gold pieces
 12450 | D:10     | Bought a scroll of magic mapping for 52 gold pieces
 12898 | Lair:1   | Entered Level 1 of the Lair of Beasts
 13292 | Lair:1   | Reached XP level 12. HP: 56/76 MP: 12/12
 13507 | Lair:1   | Noticed a five-headed hydra
 13521 | Lair:1   | Killed a five-headed hydra
 13872 | Lair:1   | Noticed a six-headed hydra
 13882 | Lair:1   | Killed a six-headed hydra
 14138 | Lair:1   | Reached skill level 10 in Fighting
 14195 | Lair:1   | Noticed a six-headed hydra
 14205 | Lair:1   | Killed a six-headed hydra
 14440 | Lair:1   | Found the +8 frozen axe "Frostbite" {freezing cloud, *Noise
                  | Fly rC+}
 15255 | Lair:1   | Received a gift from Trog
 15345 | Lair:2   | Noticed a five-headed hydra
 15457 | Lair:1   | Killed a five-headed hydra
 15691 | Lair:2   | You fall into a shaft and drop 2 floors!
 15766 | Lair:3   | Reached XP level 13. HP: 84/84 MP: 13/13
 16095 | Lair:2   | Noticed Erica
 16135 | Lair:2   | Killed Erica
 16487 | Lair:2   | Found a staircase to the Shoals.
 17840 | Lair:4   | Found a hole to the Spider Nest.
 18294 | Lair:4   | Identified the +0 ring mail "Sybosch Jeec" {rF+ Int+2}
 19075 | Lair:5   | Reached skill level 10 in Evocations
 20830 | Lair:6   | Entered Level 6 of the Lair of Beasts
 20961 | Lair:5   | Gained mutation: Your large and strong wings let you fly.
                  | [Gargoyle growth]
 20961 | Lair:5   | Reached XP level 14. HP: 73/92 MP: 14/14
 21287 | Lair:6   | Found a staircase to the Slime Pits.
 22673 | Lair:6   | Found a large runed translucent door.
 22673 | Lair:6   | Found a large runed translucent door.
 23199 | Lair:6   | Reached ****** piety under Trog
 23791 | Lair:6   | Identified a scroll of acquirement
 23791 | Lair:6   | Acquired a +0 buckler of protection
 24646 | D:11     | Received a gift from Trog
 25259 | D:12     | Found a staircase to the Orcish Mines.
 25404 | D:12     | Reached XP level 15. HP: 91/99 MP: 15/15
 26573 | D:13     | Killed Nessos
 26574 | D:13     | Reached skill level 10 in Armour
 26753 | D:12     | Received a gift from Trog
 27476 | D:13     | Reached skill level 10 in Dodging
 29608 | D:14     | Found Madgh's Magic Scroll Boutique.
 29640 | D:14     | Bought a scroll of blinking for 135 gold pieces
 29640 | D:14     | Bought a scroll of blinking for 135 gold pieces
 29997 | D:15     | Entered Level 15 of the Dungeon
 30050 | D:15     | Found a transporter.
 30053 | D:15     | Found a transporter.
 30057 | D:15     | Noticed Qewoiqon's ghost (adept DECj)
 30250 | D:15     | Reached XP level 16. HP: 107/107 MP: 16/16
 30391 | D:15     | Reached skill level 15 in Maces & Flails
 30773 | D:15     | Paralysed by an orc sorcerer for 3 turns
 30943 | D:15     | Received a gift from Trog
 31720 | D:15     | Found a staircase to the Depths.
 31941 | Orc:1    | Entered Level 1 of the Orcish Mines
 32141 | Orc:2    | Entered Level 2 of the Orcish Mines
 32141 | Orc:2    | Found a staircase to the Elven Halls.
 32238 | Orc:2    | Noticed Rupert
 32263 | Orc:1    | Killed Rupert
 32372 | Orc:2    | Found Tugott's Antique Weapon Shoppe.
 33296 | Orc:2    | Found Uquto's Antique Armour Emporium.
 33327 | Orc:2    | Found Idolu's Jewellery Shoppe.
 33396 | Orc:2    | Received a gift from Trog
 33466 | Orc:1    | Reached skill level 15 in Fighting
 33982 | Orc:2    | Found Liniopan's General Store.
 34224 | Orc:2    | Noticed Donald
 34244 | Orc:1    | Killed Donald
 34824 | Orc:2    | Bought a ring of positive energy for 320 gold pieces
 34824 | Orc:2    | Bought a ring of resist corrosion for 320 gold pieces
 35012 | Spider:1 | Entered Level 1 of the Spider Nest
 35548 | Orc:2    | Bought an amulet of reflection for 480 gold pieces
 37426 | Spider:2 | Reached XP level 17. HP: 113/113 MP: 17/17
 37584 | Spider:2 | Identified the +10 falchion of the Owl {freeze, rF- rC+
                  | Str+2 SInv}
 38245 | Spider:2 | Reached skill level 10 in Shields
 38314 | Spider:3 | Received a gift from Trog
 39971 | Spider:4 | Entered Level 4 of the Spider Nest
 41323 | Spider:4 | Received a gift from Trog
 43871 | Spider:4 | Received a gift from Trog
 44222 | Spider:4 | Got a gossamer rune of Zot
 44453 | Shoals:1 | Entered Level 1 of the Shoals
 44596 | Shoals:1 | Reached XP level 18. HP: 119/119 MP: 18/18
 44748 | Shoals:1 | Reached skill level 15 in Shields
 44951 | Shoals:1 | Found a runed translucent door.
 44952 | Shoals:1 | Noticed Bityczex's ghost (adept DEFE)
 46084 | Shoals:2 | Identified the +3 pair of gloves of the Garden {+Inv rElec
                  | rC+ Dex-3}
 47545 | Shoals:2 | Acquired a manual of Maces & Flails
 48567 | Shoals:2 | Received a gift from Trog
 48791 | Shoals:3 | Noticed Aizul
 48823 | Shoals:3 | Killed Aizul
 49855 | Shoals:3 | Found Muull's Distillery.
 50112 | Shoals:4 | Entered Level 4 of the Shoals
 50144 | Shoals:4 | Noticed Bai Suzhen
 50158 | Shoals:3 | Killed Bai Suzhen
 50403 | Shoals:4 | Noticed Polyphemus
 50820 | Shoals:4 | Killed Polyphemus
 51148 | Shoals:4 | Received a gift from Trog
 51260 | Shoals:4 | HP: 3/120 [merfolk javelineer/javelin (22)]
 51264 | Shoals:4 | HP: 1/120 [merfolk/silver boomerang (1)]
 51264 | Shoals:4 | Hit by a javelin thrown by a merfolk javelineer

Illustrated notes

Levels and vault maps discovered:
D:1:      psy_arrival_whirlpool, layout_basic,
          shapermc_ecumenical_altar_totnotflames, minmay_misc_feat_x
D:2:      layout_rooms, minmay_vboxes
D:3:      layout_loops_corners, mainiacjoe_overflow_large_starburst,
          lemuel_doored_altar, chequers_temple_overflow_statue_of_worship,
          uniq_jessica
D:4:      layout_loops_corners, chequers_serial_rivers_room_b,
          kennysheep_small_spiral, amcnicky_mini_rare_corridor_liquid
D:5:      layout_loops_ring, grunt_ministairs_6,
          minmay_fractal_squares_gapless_5
D:6:      minmay_opposing_rooms, layout_basic
D:7:      layout_loops_ring, slow_altar_1, nicolae_gozag_zags_fifth_avenue,
          minmay_temple_entry_overgrown, nicolae_lava_and_water
D:8:      layout_loops_cross
D:9:      layout_cave_pools, due_lair_maze_entry_diamond,
          hangedman_decor_opposing, minmay_misc_feat_diagonals,
          kennysheep_cluttered_room
D:10:     layout_basic, serial_shops, nicolae_shop_stone, st_stairs_11
D:11:     layout_basic, chequers_serial_rivers_large_a
D:12:     layout_grid_maze, david_orc_3, onia_ninara_cookie
D:13:     layout_small_grid, david_vaults_3
D:14:     layout_irregular_city, minmay_misc_feat_plants, serial_shops,
          nicolae_square_shop
D:15:     grunt_enter_depths_magical_seal, layout_irregular_city,
          gammafunk_ghost_hive, roderic_nine_men_s_morris,
          corexii_leaking_fountain
Lair:1:   layout_roguey, minmay_holes, beast_lair_carwin_7
Lair:2:   layout_chaotic_city, elwin_shoals_entry_rooms, uniq_erica
Lair:3:   layout_chaotic_city, grunt_forest_small_clearing_treed,
          grunt_megastairs_3, lemuel_fruit_tree, infiniplex_staircase_pool_2,
          minmay_lair_oklob_chamber
Lair:4:   layout_cave_pods, dummy_spider_entry
Lair:5:   layout_regular_city, chequers_serial_rivers_micro_c,
          serial_bayou_lake_a
Lair:6:   cheibrodos_lair_end_hotspot, layout_regular_city,
          minmay_slime_entry_pillars, serial_bayou_pond_e, serial_bayou_shore_b
Shoals:1: layout_shoals, ebering_ghost_inner_flame
Shoals:2: layout_shoals, nicolae_shoals_water_shrine
Shoals:3: layout_shoals, nicolae_shoals_c_island, uniq_aizul
Shoals:4: shoals_end_simple, layout_shoals, uniq_polyphemus, uniq_roxanne,
          uniq_bai_suzhen
Spider:1: layout_spider_delve, hangedman_spider_tarantella_strand
Spider:2: layout_spider_delve
Spider:3: layout_chambers
Spider:4: grunt_spider_rune_circles, nicolae_spider_swamp_cousins
Orc:1:    layout_diamond_mine
Orc:2:    grunt_orc_gardens, layout_caves, grunt_orc_garden, grunt_orc_garden,
          grunt_orc_garden, grunt_orc_garden, basic_altar, minmay_orc_keep,
          uniq_donald, uniq_nessos, uniq_rupert

Skill      XL: |  1  2  3  4  5  6  7  8  9 10 11 12 13 14 15 16 17 18 |
---------------+-------------------------------------------------------+-----
Fighting       | 4 5 6 7 8 9 10 12 13 14 15 | 15.7
Maces & Flails | 4 5 7 8 9 10 11 12 13 14 15 16 | 16.4
Evocations     | 2 4 6 7 9 10 | 10.4
Armour         | 4 5 7 9 11 12 | 12.9
Dodging        | 2 4 6 7 8 9 10 11 | 11.7
Shields        | 2 5 9 14 16 | 16.4

Action                   |  1- 3 |  4- 6 |  7- 9 | 10-12 | 13-15 | 16-18 || total
-------------------------+-------+-------+-------+-------+-------+-------++-------
Melee: Mace              |   109 |   156 |   304 |   159 |       |       ||   728
       Flail             |       |       |       |   653 |  1012 |       ||  1665
       Demon whip        |       |       |       |       |   740 |  2569 ||  3309
Invok: Berserk           |     1 |     5 |     4 |    15 |    11 |     8 ||    44
       Brothers in Arms  |       |       |       |     1 |     1 |     3 ||     5
Evoke: Lightning rod     |       |       |     2 |     5 |     8 |       ||    15
       Wand              |       |       |       |     4 |     7 |     7 ||    18
  Use: Scroll            |    10 |     1 |     3 |     7 |     5 |    16 ||    42
       Potion            |       |       |       |       |     1 |     5 ||     6
 Stab: Held in net/web   |       |       |       |       |       |     1 ||     1
Armor: Animal skin       |    14 |       |       |       |       |       ||    14
       Ring mail         |    47 |    50 |       |       |       |       ||    97
       Chain mail        |       |    37 |   219 |   561 |   629 |       ||  1446
       Acid dragon scale |       |       |       |       |   237 |   173 ||   410
       Scale mail        |       |       |       |       |       |   788 ||   788
Dodge: Dodged            |    68 |    84 |   121 |   362 |   764 |   923 ||  2322
Block: Buckler           |       |       |       |   162 |   366 |   611 ||  1139
       Kite shield       |       |       |       |       |       |   568 ||   568
       Reflection        |       |       |       |       |       |    72 ||    72
